Lightning vs Panthers

Created - 18 mars 2018 at 17:34

Goals
1 2 3 T
Lightning 0 0 3 3
Panthers 2 1 1 4
Shots
1 2 3 T
Lightning 8 7 12 27
Panthers 9 16 10 35

1st period

1. Panthers , Patrick Kane 46 (T.J. Brodie 32) at 2:11 (PP)
2. Panthers , Logan Couture 22 (Blake Wheeler 34, Matthew Tkachuk 17) at 10:09

Penalties :
Trevor Daley (TBL) for Hooking (Minor) at 0:53, Jesper Fast (FLA) for Interference (Minor) at 5:55, Justin Braun (FLA) for Hooking (Minor) at 10:53, Travis Zajac (TBL) for Roughing (Minor) at 13:16, Joe Thornton (FLA) for Hooking (Minor) at 16:29

2nd period

3. Panthers , Patrick Kane 47 (Jacob Trouba 29) at 9:14

Penalties :
Troy Brouwer (TBL) for Interference (Minor) at 4:38

3rd period

4. Panthers , Blake Wheeler 31 (Logan Couture 51) at 0:26
5. Lightning , Andrej Sekera 11 (Jeff Carter 51, Patric Hornqvist 35) at 5:54
6. Lightning , Jeff Carter 44 (Patric Hornqvist 36, Johnny Gaudreau 51) at 12:42
7. Lightning , Jeff Carter 45 (Andrej Sekera 37, Patric Hornqvist 37) at 16:41

Penalties :
Justin Braun (FLA) for Cross-checking (Minor) at 19:57

Goalie Stats

Kari Lehtonen (TBL), 31 saves from 35 shots - (0.886), L, 33-23-7, 59:00 minutes
Pekka Rinne (FLA), 24 saves from 27 shots - (0.889), W, 36-20-4, 60:00 minutes

Players Stats for Lightning

Player Name              G  A  P  +/- PIM S  H  SB GA TA FO     MP     PP MP  PK MP  
------------------------------------------------------------------------------------
Andrej Sekera            1  1  2   2  0   3  1  2  0  0  0/0    24:22   3:35   2:55 
Dennis Wideman           0  0  0   0  0   0  0  0  0  0  0/0    14:04   0:00   0:00 
Erik Gudbranson          0  0  0  -2  0   0  3  1  0  0  0/0    19:55   0:59   2:21 
Henrik Sedin             0  0  0  -1  0   3  0  0  0  0  4/12   10:26   0:59   0:45 
Henrik Zetterberg        0  0  0  -1  0   4  0  0  0  0  16/25  17:17   1:38   0:46 
Jeff Carter              2  1  3   2  0   4  1  0  0  0  23/38  21:44   3:22   0:00 
Johnny Gaudreau          0  1  1   2  0   0  0  0  0  0  0/1    21:44   3:22   0:00 
Kevin Klein              0  0  0  -1  0   0  6  4  0  0  0/0    19:21   1:25   1:11 
Kyle Quincey             0  0  0  -1  0   1  0  4  0  0  0/0    18:35   2:24   2:03 
Matt Hendricks           0  0  0  -1  0   1  3  0  0  0  6/6    12:02   0:00   3:20 
Patric Hornqvist         0  3  3   2  0   3  4  0  0  0  0/0    21:42   3:20   0:00 
Patrick Eaves            0  0  0  -1  0   3  0  0  0  0  1/2    11:21   2:39   0:00 
Teddy Purcell            0  0  0   0  0   0  0  0  0  0  0/3     7:11   0:00   0:00 
Tobias Rieder            0  0  0  -1  0   1  0  0  0  0  1/1    16:01   1:38   0:00 
Travis Zajac             0  0  0   0  2   1  0  0  0  0  4/9     8:37   0:00   1:27 
Trevor Daley             0  0  0   2  2   1  2  0  0  0  0/0    23:42   3:35   2:02 
Troy Brouwer             0  0  0  -1  2   2  3  0  0  0  0/1    16:41   0:00   2:12 
Vernon Fiddler           0  0  0   0  0   0  1  0  0  0  1/1     9:56   0:59   2:02 

Players Stats for Panthers

Player Name              G  A  P  +/- PIM S  H  SB GA TA FO     MP     PP MP  PK MP  
------------------------------------------------------------------------------------
Blake Wheeler            1  1  2   1  0   10 1  0  0  0  1/2    18:55   2:51   0:00 
Brian Campbell           0  0  0   0  0   1  0  2  0  0  0/0    15:07   2:06   0:00 
Brooks Orpik             0  0  0   0  0   2  3  0  0  0  0/0    15:23   0:00   2:22 
Drew Doughty             0  0  0   0  0   1  0  0  0  0  0/0    24:55   3:10   3:37 
Jacob Trouba             0  1  1   0  0   1  2  3  0  0  0/0    24:23   3:10   3:37 
Jakob Chychrun           0  0  0   0  0   0  0  0  0  0  0/0     0:00   0:00   0:00 
Jesper Fast              0  0  0   0  2   1  0  0  0  0  0/0     4:06   0:00   1:08 
Joe Thornton             0  0  0   0  2   0  2  0  0  0  15/32  23:17   2:25   0:24 
Justin Braun             0  0  0   0  4   0  2  2  0  0  0/0    17:34   0:00   0:00 
Logan Couture            1  1  2   1  0   5  1  0  0  0  11/30  17:16   0:00   1:12 
Luke Glendening          0  0  0  -1  0   0  1  1  0  0  9/16   15:27   0:00   3:15 
Matthew Tkachuk          0  1  1   1  0   2  4  0  0  0  0/0    19:18   2:51   0:23 
Nikolaj Ehlers           0  0  0   0  0   1  0  0  0  0  0/1    22:54   2:25   0:00 
Patrick Kane             2  0  2   0  0   6  2  1  0  0  1/1    22:54   2:25   0:00 
Patrik Laine             0  0  0  -1  0   2  0  0  0  0  2/3     9:13   0:00   0:00 
Pierre-Edouard Bellemare 0  0  0   0  0   0  0  0  0  0  0/0     6:38   0:00   3:39 
T.J. Brodie              0  1  1   0  0   1  0  2  0  0  0/0    22:36   2:06   2:22 
Tyler Johnson            0  0  0  -1  0   2  0  0  0  0  4/14   14:01   2:51   1:57 

3 Stars

1 - Jeff Carter (TBL)
2 - Patric Hornqvist (TBL)
3 - Patrick Kane (FLA)

Power Play

Lightning - 0 on 4 Attempt(s) - 0.00%
Panthers - 1 on 3 Attempt(s) - 33.33%

Penalty Kill

Lightning - 2 on 3 Attempt(s) - 66.67% - Score 0 goal in Penalty Kill
Panthers - 4 on 4 Attempt(s) - 100.00% - Score 0 goal in Penalty Kill

Team Stat

Lightning - Hits : 24 - Faceoff Wins : 56 - Blocked Shots : 11 - Penalty Minutes : 6
Panthers - Hits : 18 - Faceoff Wins : 43 - Blocked Shots : 11 - Penalty Minutes : 8

Official

Referees : Garrett Rank and Mike Leggo
Linesman : Lonnie Cameron and Scott Cherrey

Game Notes

No Game Note

Finance

Level 1 -- Attendance: 6000 (100.00%) -- Ticket Income 642 000 $
Level 2 -- Attendance: 4569 (91.38%) -- Ticket Income 342 675 $
Level 3 -- Attendance: 3148 (89.94%) -- Ticket Income 154 252 $
Level 4 -- Attendance: 3128 (83.41%) -- Ticket Income 68 816 $
Luxury Box -- Attendance: 923 (92.30%) -- Ticket Income 186 446 $
Game was played at the BBT Center.
Total Attendance: 17768 (92.30%)
Total Ticket Income: 1 394 189 $
Other Income: 209 128 $
Total Income: 1 603 317 $

% Time on Ice - Lightning

Lines # - Real PCT - Wanted PCT - Time Play
Normal Forward
1 - 37% - 40% - 17:56
2 - 30% - 30% - 14:23
3 - 18% - 20% - 8:42
4 - 15% - 10% - 7:11
Normal Defense
1 - 37% - 40% - 17:52
2 - 29% - 30% - 14:08
3 - 26% - 20% - 12:36
4 - 7% - 10% - 3:36
PP Forward
1 - 63% - 57% - 3:46
2 - 37% - 43% - 2:13
PP Defense
1 - 60% - 57% - 3:35
2 - 40% - 43% - 2:24
PK Forward
1 - 79% - 60% - 4:11
2 - 21% - 40% - 1:05
PK Defense
1 - 55% - 60% - 2:55
2 - 45% - 40% - 2:21
PK3 Forward
1 - 0% - 60%
2 - 0% - 40%
PK3 Defense
1 - 0% - 60%
2 - 0% - 40%
44 Forward
1 - 0% - 60%
2 - 0% - 40%
44 Defense
1 - 0% - 60%
2 - 0% - 40%
Last Minute Offensive  - 0:33
Last Minute Defensive  - 0:00
Total
Forward - 60:00
Defense - 60:00

% Time on Ice - Panthers

Lines # - Real PCT - Wanted PCT - Time Play
Normal Forward
1 - 42% - 40% - 20:29
2 - 33% - 30% - 16:04
3 - 19% - 20% - 9:13
4 - 6% - 10% - 2:59
Normal Defense
1 - 37% - 40% - 18:08
2 - 36% - 37% - 17:36
3 - 27% - 23% - 13:01
4 - 0% - 0% - 0:00
PP Forward
1 - 46% - 60% - 2:25
2 - 54% - 40% - 2:51
PP Defense
1 - 60% - 60% - 3:10
2 - 40% - 40% - 2:06
PK Forward
1 - 67% - 60% - 4:02
2 - 33% - 40% - 1:57
PK Defense
1 - 60% - 60% - 3:37
2 - 40% - 40% - 2:22
PK3 Forward
1 - 0% - 60%
2 - 0% - 40%
PK3 Defense
1 - 0% - 60%
2 - 0% - 40%
44 Forward
1 - 0% - 60%
2 - 0% - 40%
44 Defense
1 - 0% - 60%
2 - 0% - 40%
Last Minute Offensive  - 0:00
Last Minute Defensive  - 0:00
Total
Forward - 60:00
Defense - 60:00

Play by Play

1st period


0:01 of 1st period - Jeff Carter wins face-off versus Joe Thornton in neutral zone.
0:03 of 1st period - Off-side.
0:04 of 1st period - Henrik Zetterberg wins face-off versus Logan Couture in neutral zone.
0:04 of 1st period - Tobias Rieder is hit by Blake Wheeler.
0:31 of 1st period - Shot by Troy Brouwer.
0:31 of 1st period - Stopped by Pekka Rinne without a rebound.
0:32 of 1st period - Joe Thornton wins face-off versus Jeff Carter in Panthers zone.
0:32 of 1st period - Joe Thornton is hit by Patric Hornqvist.
0:48 of 1st period - Shot by Patrick Kane.
0:48 of 1st period - Shot Misses the Net.
0:50 of 1st period - Shot by T.J. Brodie.
0:50 of 1st period - Shot Misses the Net.
0:52 of 1st period - Shot by Nikolaj Ehlers.
0:52 of 1st period - Deflect By Patrick Kane.
0:52 of 1st period - Shot Misses the Net.
0:53 of 1st period - Minor Penalty to Trevor Daley for Hooking.
0:54 of 1st period - Matt Hendricks wins face-off versus Tyler Johnson in Lightning zone.
1:55 of 1st period - Icing by Brian Campbell.
1:56 of 1st period - Vernon Fiddler wins face-off versus Joe Thornton in Panthers zone.
2:09 of 1st period - Shot by Patrick Kane.
2:09 of 1st period - Stopped by Kari Lehtonen with a rebound.
2:11 of 1st period - Shot by Patrick Kane.
2:11 of 1st period - Goal by Patrick Kane - Lightning : 0 - Panthers : 1.
2:12 of 1st period - Luke Glendening wins face-off versus Jeff Carter in neutral zone.
2:17 of 1st period - Shot by Jesper Fast.
2:17 of 1st period - Stopped by Kari Lehtonen with a rebound.
2:28 of 1st period - Icing by Kyle Quincey.
2:29 of 1st period - Patrick Kane wins face-off versus Jeff Carter in Lightning zone.
2:39 of 1st period - Icing by Drew Doughty.
2:40 of 1st period - Travis Zajac wins face-off versus Joe Thornton in Panthers zone.
3:01 of 1st period - Travis Zajac is hit by Joe Thornton.
3:39 of 1st period - Shot by Tobias Rieder.
3:39 of 1st period - Shot Misses the Net.
3:51 of 1st period - Shot by Tobias Rieder.
3:51 of 1st period - Shot Misses the Net.
4:04 of 1st period - Patrik Laine is hit by Kevin Klein and loses puck.
4:21 of 1st period - Shot by Blake Wheeler.
4:21 of 1st period - Shot Misses the Net.
4:26 of 1st period - Matthew Tkachuk is hit by Kevin Klein and loses puck.
4:31 of 1st period - Shot by Matthew Tkachuk.
4:31 of 1st period - Shot Misses the Net.
4:49 of 1st period - Shot by Logan Couture.
4:49 of 1st period - Deflect By Blake Wheeler.
4:49 of 1st period - Shot Blocked by Kevin Klein.
5:28 of 1st period - Patrick Kane is hit by Patric Hornqvist and loses puck.
5:32 of 1st period - Drew Doughty is hit by Trevor Daley.
5:55 of 1st period - Minor Penalty to Jesper Fast for Interference.
5:56 of 1st period - Luke Glendening wins face-off versus Jeff Carter in Panthers zone.
6:23 of 1st period - Shot by Jeff Carter.
6:23 of 1st period - Shot Misses the Net.
7:04 of 1st period - Shot by Patrick Eaves.
7:04 of 1st period - Stopped by Pekka Rinne without a rebound.
7:05 of 1st period - Luke Glendening wins face-off versus Jeff Carter in Panthers zone.
7:30 of 1st period - Shot by Jeff Carter.
7:30 of 1st period - Stopped by Pekka Rinne without a rebound.
7:31 of 1st period - Joe Thornton wins face-off versus Henrik Sedin in Panthers zone.
7:31 of 1st period - Joe Thornton is hit by Patric Hornqvist.
7:47 of 1st period - Shot by Kyle Quincey.
7:47 of 1st period - Shot Misses the Net.
8:15 of 1st period - Shot by Logan Couture.
8:15 of 1st period - Shot Misses the Net.
8:17 of 1st period - Shot by Brooks Orpik.
8:17 of 1st period - Stopped by Kari Lehtonen without a rebound.
8:18 of 1st period - Joe Thornton wins face-off versus Henrik Sedin in Lightning zone.
9:37 of 1st period - Shot by Tyler Johnson.
9:37 of 1st period - Stopped by Kari Lehtonen without a rebound.
9:38 of 1st period - Jeff Carter wins face-off versus Logan Couture in Lightning zone.
9:38 of 1st period - Jeff Carter is hit by Logan Couture.
9:52 of 1st period - Blake Wheeler is hit by Erik Gudbranson and loses puck.
10:09 of 1st period - Shot by Logan Couture.
10:09 of 1st period - Goal by Logan Couture - Lightning : 0 - Panthers : 2.
10:10 of 1st period - Joe Thornton wins face-off versus Henrik Zetterberg in neutral zone.
10:20 of 1st period - Icing by Henrik Zetterberg.
10:21 of 1st period - Patrik Laine wins face-off versus Henrik Zetterberg in Lightning zone.
10:30 of 1st period - Shot by Henrik Zetterberg.
10:30 of 1st period - Stopped by Pekka Rinne without a rebound.
10:31 of 1st period - Jeff Carter wins face-off versus Joe Thornton in Panthers zone.
10:40 of 1st period - Shot by Patric Hornqvist.
10:40 of 1st period - Stopped by Pekka Rinne without a rebound.
10:41 of 1st period - Logan Couture wins face-off versus Henrik Sedin in Panthers zone.
10:52 of 1st period - Shot by Patrick Eaves.
10:52 of 1st period - Shot Misses the Net.
10:53 of 1st period - Minor Penalty to Justin Braun for Hooking.
10:54 of 1st period - Luke Glendening wins face-off versus Jeff Carter in Panthers zone.
11:07 of 1st period - Icing by Patric Hornqvist.
11:08 of 1st period - Jeff Carter wins face-off versus Luke Glendening in Lightning zone.
11:13 of 1st period - Shot by Patric Hornqvist.
11:13 of 1st period - Shot Misses the Net.
11:15 of 1st period - Shot by Kyle Quincey.
11:15 of 1st period - Stopped by Pekka Rinne without a rebound.
11:16 of 1st period - Tobias Rieder wins face-off versus Luke Glendening in Panthers zone.
11:17 of 1st period - Shot by Trevor Daley.
11:17 of 1st period - Stopped by Pekka Rinne without a rebound.
11:18 of 1st period - Jeff Carter wins face-off versus Luke Glendening in Panthers zone.
11:34 of 1st period - Patric Hornqvist is hit by Jacob Trouba and loses puck.
11:58 of 1st period - Icing by Trevor Daley.
11:59 of 1st period - Jeff Carter wins face-off versus Tyler Johnson in Lightning zone.
12:37 of 1st period - Icing by Kevin Klein.
12:38 of 1st period - Henrik Zetterberg wins face-off versus Luke Glendening in Lightning zone.
13:06 of 1st period - Teddy Purcell is hit by Justin Braun and loses puck.
13:16 of 1st period - Minor Penalty to Travis Zajac for Roughing.
13:17 of 1st period - Matt Hendricks wins face-off versus Tyler Johnson in Lightning zone.
13:26 of 1st period - Shot by T.J. Brodie.
13:26 of 1st period - Stopped by Kari Lehtonen without a rebound.
13:27 of 1st period - Matt Hendricks wins face-off versus Nikolaj Ehlers in Lightning zone.
13:49 of 1st period - Nikolaj Ehlers is hit by Erik Gudbranson and loses puck.
14:47 of 1st period - Shot by Tyler Johnson.
14:47 of 1st period - Deflect By Blake Wheeler.
14:47 of 1st period - Stopped by Kari Lehtonen without a rebound.
14:48 of 1st period - Matt Hendricks wins face-off versus Tyler Johnson in Lightning zone.
15:23 of 1st period - Shot by Jesper Fast.
15:23 of 1st period - Shot Blocked by Kevin Klein.
15:55 of 1st period - Icing by Kevin Klein.
15:56 of 1st period - Jeff Carter wins face-off versus Logan Couture in Lightning zone.
15:58 of 1st period - Icing by Patric Hornqvist.
15:59 of 1st period - Jeff Carter wins face-off versus Blake Wheeler in Lightning zone.
15:59 of 1st period - Jeff Carter is hit by Matthew Tkachuk.
16:28 of 1st period - Shot by Blake Wheeler.
16:28 of 1st period - Stopped by Kari Lehtonen without a rebound.
16:29 of 1st period - Henrik Sedin wins face-off versus Joe Thornton in Lightning zone.
16:29 of 1st period - Minor Penalty to Joe Thornton for Hooking.
16:30 of 1st period - Luke Glendening wins face-off versus Henrik Zetterberg in Panthers zone.
16:38 of 1st period - Icing by Patrick Eaves.
16:39 of 1st period - Henrik Zetterberg wins face-off versus Luke Glendening in Lightning zone.
16:49 of 1st period - Shot by Patrick Eaves.
16:49 of 1st period - Shot Misses the Net.
17:05 of 1st period - Shot by Henrik Zetterberg.
17:05 of 1st period - Shot Misses the Net.
17:39 of 1st period - Shot by Jeff Carter.
17:39 of 1st period - Shot Misses the Net.
17:56 of 1st period - Off-side.
17:57 of 1st period - Jeff Carter wins face-off versus Luke Glendening in neutral zone.
18:17 of 1st period - Shot by Andrej Sekera.
18:17 of 1st period - Shot Misses the Net.
18:32 of 1st period - Icing by Brooks Orpik.
18:33 of 1st period - Joe Thornton wins face-off versus Travis Zajac in Panthers zone.
18:37 of 1st period - Icing by Patrick Kane.
18:38 of 1st period - Joe Thornton wins face-off versus Troy Brouwer in Panthers zone.
18:38 of 1st period - Joe Thornton is hit by Troy Brouwer.
19:13 of 1st period - Henrik Zetterberg is hit by Brooks Orpik and loses puck.
19:36 of 1st period - Shot by Patrick Eaves.
19:36 of 1st period - Shot Blocked by Patrick Kane.
19:48 of 1st period - Shot by Patrick Eaves.
19:48 of 1st period - Stopped by Pekka Rinne without a rebound.
19:49 of 1st period - Logan Couture wins face-off versus Travis Zajac in Panthers zone.
Goals for this period are 0 for Lightning vs 2 for Panthers.
Shots for this period are 8 for Lightning vs 9 for Panthers.

2nd period


0:01 of 2nd period - Jeff Carter wins face-off versus Joe Thornton in neutral zone.
0:27 of 2nd period - Nikolaj Ehlers is hit by Andrej Sekera and loses puck.
1:17 of 2nd period - Shot by Blake Wheeler.
1:17 of 2nd period - Stopped by Kari Lehtonen without a rebound.
1:18 of 2nd period - Luke Glendening wins face-off versus Henrik Zetterberg in Lightning zone.
1:37 of 2nd period - Shot by Henrik Zetterberg.
1:37 of 2nd period - Deflect By Tobias Rieder.
1:37 of 2nd period - Stopped by Pekka Rinne without a rebound.
1:38 of 2nd period - Logan Couture wins face-off versus Travis Zajac in Panthers zone.
1:59 of 2nd period - Shot by Matthew Tkachuk.
1:59 of 2nd period - Stopped by Kari Lehtonen without a rebound.
2:00 of 2nd period - Tyler Johnson wins face-off versus Jeff Carter in Lightning zone.
3:39 of 2nd period - Shot by Troy Brouwer.
3:39 of 2nd period - Shot Misses the Net.
3:41 of 2nd period - Shot by Andrej Sekera.
3:41 of 2nd period - Stopped by Pekka Rinne without a rebound.
3:42 of 2nd period - Logan Couture wins face-off versus Henrik Sedin in Panthers zone.
3:42 of 2nd period - Logan Couture is hit by Matt Hendricks.
4:00 of 2nd period - Shot by Logan Couture.
4:00 of 2nd period - Shot Misses the Net.
4:04 of 2nd period - Shot by Logan Couture.
4:04 of 2nd period - Shot Blocked by Kevin Klein.
4:06 of 2nd period - Shot by Blake Wheeler.
4:06 of 2nd period - Shot Blocked by Kevin Klein.
4:08 of 2nd period - Shot by T.J. Brodie.
4:08 of 2nd period - Shot Misses the Net.
4:10 of 2nd period - Shot by Blake Wheeler.
4:10 of 2nd period - Stopped by Kari Lehtonen with a rebound.
4:12 of 2nd period - Shot by Drew Doughty.
4:12 of 2nd period - Stopped by Kari Lehtonen without a rebound.
4:13 of 2nd period - Henrik Zetterberg wins face-off versus Tyler Johnson in Lightning zone.
4:13 of 2nd period - Henrik Zetterberg is hit by Luke Glendening.
4:20 of 2nd period - Off-side.
4:21 of 2nd period - Henrik Zetterberg wins face-off versus Joe Thornton in neutral zone.
4:38 of 2nd period - Minor Penalty to Troy Brouwer for Interference.
4:39 of 2nd period - Matt Hendricks wins face-off versus Tyler Johnson in Lightning zone.
4:39 of 2nd period - Matt Hendricks is hit by Matthew Tkachuk.
5:07 of 2nd period - Shot by Tyler Johnson.
5:07 of 2nd period - Stopped by Kari Lehtonen without a rebound.
5:08 of 2nd period - Matt Hendricks wins face-off versus Joe Thornton in Lightning zone.
5:39 of 2nd period - Vernon Fiddler is hit by Joe Thornton and loses puck.
5:48 of 2nd period - Shot by Brian Campbell.
5:48 of 2nd period - Stopped by Kari Lehtonen without a rebound.
5:49 of 2nd period - Tyler Johnson wins face-off versus Henrik Sedin in Lightning zone.
5:52 of 2nd period - Shot by Blake Wheeler.
5:52 of 2nd period - Stopped by Kari Lehtonen without a rebound.
5:53 of 2nd period - Blake Wheeler wins face-off versus Travis Zajac in Lightning zone.
5:53 of 2nd period - Tyler Johnson is hit by Trevor Daley.
5:57 of 2nd period - Shot by Blake Wheeler.
5:57 of 2nd period - Stopped by Kari Lehtonen with a rebound.
7:04 of 2nd period - Brooks Orpik is hit by Patric Hornqvist and loses puck.
7:39 of 2nd period - Shot by Henrik Zetterberg.
7:39 of 2nd period - Stopped by Pekka Rinne without a rebound.
7:40 of 2nd period - Patrik Laine wins face-off versus Teddy Purcell in Panthers zone.
8:15 of 2nd period - Icing by Travis Zajac.
8:16 of 2nd period - Travis Zajac wins face-off versus Logan Couture in Lightning zone.
8:16 of 2nd period - Travis Zajac is hit by Matthew Tkachuk.
8:35 of 2nd period - Off-side.
8:36 of 2nd period - Joe Thornton wins face-off versus Jeff Carter in neutral zone.
8:39 of 2nd period - Shot by Patrick Kane.
8:39 of 2nd period - Shot Misses the Net.
8:46 of 2nd period - Icing by Andrej Sekera.
8:47 of 2nd period - Jeff Carter wins face-off versus Logan Couture in Lightning zone.
8:58 of 2nd period - Shot by Matthew Tkachuk.
8:58 of 2nd period - Stopped by Kari Lehtonen without a rebound.
8:59 of 2nd period - Henrik Zetterberg wins face-off versus Joe Thornton in Lightning zone.
8:59 of 2nd period - Henrik Zetterberg is hit by Patrick Kane.
9:14 of 2nd period - Shot by Patrick Kane.
9:14 of 2nd period - Goal by Patrick Kane - Lightning : 0 - Panthers : 3.
9:15 of 2nd period - Logan Couture wins face-off versus Jeff Carter in neutral zone.
10:46 of 2nd period - Shot by Patrick Eaves.
10:46 of 2nd period - Stopped by Pekka Rinne without a rebound.
10:47 of 2nd period - Henrik Zetterberg wins face-off versus Tyler Johnson in Panthers zone.
10:50 of 2nd period - Shot by Henrik Zetterberg.
10:50 of 2nd period - Shot Blocked by Brian Campbell.
11:04 of 2nd period - Shot by Tyler Johnson.
11:04 of 2nd period - Shot Blocked by Kyle Quincey.
11:08 of 2nd period - Shot by Patrik Laine.
11:08 of 2nd period - Shot Blocked by Kyle Quincey.
11:10 of 2nd period - Shot by Brian Campbell.
11:10 of 2nd period - Shot Misses the Net.
11:20 of 2nd period - Shot by Tyler Johnson.
11:20 of 2nd period - Shot Misses the Net.
11:22 of 2nd period - Shot by Patrik Laine.
11:22 of 2nd period - Stopped by Kari Lehtonen without a rebound.
11:23 of 2nd period - Travis Zajac wins face-off versus Logan Couture in Lightning zone.
11:27 of 2nd period - Icing by Teddy Purcell.
11:28 of 2nd period - Joe Thornton wins face-off versus Teddy Purcell in Lightning zone.
12:16 of 2nd period - Shot by Patric Hornqvist.
12:16 of 2nd period - Shot Blocked by T.J. Brodie.
12:31 of 2nd period - Icing by Trevor Daley.
12:32 of 2nd period - Jeff Carter wins face-off versus Logan Couture in Lightning zone.
12:47 of 2nd period - Shot by Patric Hornqvist.
12:47 of 2nd period - Deflect By Jeff Carter.
12:47 of 2nd period - Shot Blocked by Jacob Trouba.
12:49 of 2nd period - Shot by Andrej Sekera.
12:49 of 2nd period - Stopped by Pekka Rinne without a rebound.
12:50 of 2nd period - Henrik Zetterberg wins face-off versus Tyler Johnson in Panthers zone.
12:50 of 2nd period - Tobias Rieder is hit by Brooks Orpik and loses puck.
13:24 of 2nd period - Shot by Patrik Laine.
13:24 of 2nd period - Shot Blocked by Erik Gudbranson.
13:33 of 2nd period - Icing by Henrik Zetterberg.
13:34 of 2nd period - Henrik Zetterberg wins face-off versus Logan Couture in Lightning zone.
13:34 of 2nd period - Henrik Zetterberg is hit by Matthew Tkachuk.
13:53 of 2nd period - Shot by Logan Couture.
13:53 of 2nd period - Shot Blocked by Kyle Quincey.
14:01 of 2nd period - Shot by Logan Couture.
14:01 of 2nd period - Stopped by Kari Lehtonen without a rebound.
14:02 of 2nd period - Jeff Carter wins face-off versus Joe Thornton in Lightning zone.
14:56 of 2nd period - Shot by Matt Hendricks.
14:56 of 2nd period - Stopped by Pekka Rinne without a rebound.
14:57 of 2nd period - Travis Zajac wins face-off versus Logan Couture in Panthers zone.
15:48 of 2nd period - Off-side.
15:49 of 2nd period - Tyler Johnson wins face-off versus Henrik Zetterberg in neutral zone.
15:56 of 2nd period - Shot by Patrik Laine.
15:56 of 2nd period - Shot Misses the Net.
16:50 of 2nd period - Shot by Patrick Kane.
16:50 of 2nd period - Stopped by Kari Lehtonen with a rebound.
16:58 of 2nd period - Shot by Patrick Kane.
16:58 of 2nd period - Stopped by Kari Lehtonen without a rebound.
16:59 of 2nd period - Logan Couture wins face-off versus Henrik Sedin in Lightning zone.
17:28 of 2nd period - Shot by Matthew Tkachuk.
17:28 of 2nd period - Deflect By Blake Wheeler.
17:28 of 2nd period - Stopped by Kari Lehtonen without a rebound.
17:29 of 2nd period - Jeff Carter wins face-off versus Joe Thornton in Lightning zone.
17:36 of 2nd period - Nikolaj Ehlers is hit by Jeff Carter and loses puck.
17:52 of 2nd period - Icing by T.J. Brodie.
17:53 of 2nd period - Joe Thornton wins face-off versus Henrik Zetterberg in Panthers zone.
18:18 of 2nd period - Shot by Nikolaj Ehlers.
18:18 of 2nd period - Stopped by Kari Lehtonen with a rebound.
18:44 of 2nd period - Icing by Trevor Daley.
18:45 of 2nd period - Henrik Sedin wins face-off versus Logan Couture in Lightning zone.
19:08 of 2nd period - Shot by Henrik Sedin.
19:08 of 2nd period - Stopped by Pekka Rinne without a rebound.
19:09 of 2nd period - Luke Glendening wins face-off versus Jeff Carter in Panthers zone.
Goals for this period are 0 for Lightning vs 1 for Panthers.
Shots for this period are 7 for Lightning vs 16 for Panthers.

3rd period


0:01 of 3rd period - Jeff Carter wins face-off versus Joe Thornton in neutral zone.
0:18 of 3rd period - Shot by Joe Thornton.
0:18 of 3rd period - Deflect By Patrick Kane.
0:18 of 3rd period - Stopped by Kari Lehtonen without a rebound.
0:19 of 3rd period - Logan Couture wins face-off versus Henrik Sedin in Lightning zone.
0:26 of 3rd period - Shot by Logan Couture.
0:26 of 3rd period - Deflect By Blake Wheeler.
0:26 of 3rd period - Goal by Blake Wheeler - Lightning : 0 - Panthers : 4.
0:27 of 3rd period - Jeff Carter wins face-off versus Joe Thornton in neutral zone.
0:30 of 3rd period - Shot by Patric Hornqvist.
0:30 of 3rd period - Stopped by Pekka Rinne without a rebound.
0:31 of 3rd period - Joe Thornton wins face-off versus Jeff Carter in Panthers zone.
1:28 of 3rd period - Shot by Blake Wheeler.
1:28 of 3rd period - Stopped by Kari Lehtonen without a rebound.
1:29 of 3rd period - Patrick Eaves wins face-off versus Tyler Johnson in Lightning zone.
1:48 of 3rd period - Shot by Henrik Sedin.
1:48 of 3rd period - Stopped by Pekka Rinne without a rebound.
1:49 of 3rd period - Henrik Zetterberg wins face-off versus Logan Couture in Panthers zone.
2:00 of 3rd period - Shot by Logan Couture.
2:00 of 3rd period - Shot Misses the Net.
3:26 of 3rd period - Icing by T.J. Brodie.
3:27 of 3rd period - Joe Thornton wins face-off versus Jeff Carter in Panthers zone.
3:37 of 3rd period - Icing by Trevor Daley.
3:38 of 3rd period - Jeff Carter wins face-off versus Tyler Johnson in Lightning zone.
3:44 of 3rd period - Icing by Patric Hornqvist.
3:45 of 3rd period - Jeff Carter wins face-off versus Joe Thornton in Lightning zone.
3:56 of 3rd period - Shot by Jeff Carter.
3:56 of 3rd period - Deflect By Patric Hornqvist.
3:56 of 3rd period - Shot Blocked by Justin Braun.
4:43 of 3rd period - Shot by Tobias Rieder.
4:43 of 3rd period - Deflect By Henrik Zetterberg.
4:43 of 3rd period - Shot Blocked by Luke Glendening.
4:45 of 3rd period - Shot by Henrik Zetterberg.
4:45 of 3rd period - Deflect By Troy Brouwer.
4:45 of 3rd period - Shot Hit the Post.
4:53 of 3rd period - Shot by Troy Brouwer.
4:53 of 3rd period - Stopped by Pekka Rinne without a rebound.
4:54 of 3rd period - Luke Glendening wins face-off versus Henrik Sedin in Panthers zone.
4:54 of 3rd period - Luke Glendening is hit by Matt Hendricks.
5:20 of 3rd period - Shot by Henrik Sedin.
5:20 of 3rd period - Stopped by Pekka Rinne without a rebound.
5:21 of 3rd period - Logan Couture wins face-off versus Henrik Zetterberg in Panthers zone.
5:21 of 3rd period - Blake Wheeler is hit by Troy Brouwer and loses puck.
5:32 of 3rd period - Shot by Logan Couture.
5:32 of 3rd period - Stopped by Kari Lehtonen without a rebound.
5:33 of 3rd period - Joe Thornton wins face-off versus Jeff Carter in Lightning zone.
5:50 of 3rd period - Shot by Patric Hornqvist.
5:50 of 3rd period - Stopped by Pekka Rinne with a rebound.
5:52 of 3rd period - Shot by Jeff Carter.
5:52 of 3rd period - Shot Blocked by Jacob Trouba.
5:54 of 3rd period - Shot by Andrej Sekera.
5:54 of 3rd period - Goal by Andrej Sekera - Lightning : 1 - Panthers : 4.
5:55 of 3rd period - Henrik Zetterberg wins face-off versus Logan Couture in neutral zone.
5:58 of 3rd period - Shot by Tobias Rieder.
5:58 of 3rd period - Shot Blocked by T.J. Brodie.
7:10 of 3rd period - Joe Thornton is hit by Erik Gudbranson and loses puck.
7:24 of 3rd period - Patrick Kane is hit by Kevin Klein and loses puck.
7:51 of 3rd period - Shot by Brian Campbell.
7:51 of 3rd period - Shot Blocked by Andrej Sekera.
8:03 of 3rd period - Shot by Patrik Laine.
8:03 of 3rd period - Shot Blocked by Andrej Sekera.
8:06 of 3rd period - Icing by Johnny Gaudreau.
8:07 of 3rd period - Jeff Carter wins face-off versus Logan Couture in Lightning zone.
9:24 of 3rd period - Shot by Matt Hendricks.
9:24 of 3rd period - Shot Misses the Net.
9:40 of 3rd period - Shot by Patrick Eaves.
9:40 of 3rd period - Shot Misses the Net.
10:27 of 3rd period - Brooks Orpik is hit by Matt Hendricks and loses puck.
10:44 of 3rd period - Shot by Travis Zajac.
10:44 of 3rd period - Stopped by Pekka Rinne without a rebound.
10:45 of 3rd period - Logan Couture wins face-off versus Travis Zajac in Panthers zone.
11:00 of 3rd period - Drew Doughty is hit by Vernon Fiddler and loses puck.
11:23 of 3rd period - Shot by Logan Couture.
11:23 of 3rd period - Stopped by Kari Lehtonen without a rebound.
11:24 of 3rd period - Luke Glendening wins face-off versus Henrik Zetterberg in Lightning zone.
11:50 of 3rd period - Icing by Troy Brouwer.
11:51 of 3rd period - Henrik Zetterberg wins face-off versus Joe Thornton in Lightning zone.
11:51 of 3rd period - Henrik Zetterberg is hit by Patrick Kane.
11:58 of 3rd period - Kevin Klein is hit by Brooks Orpik and loses puck.
12:17 of 3rd period - Shot by Patrick Kane.
12:17 of 3rd period - Shot Misses the Net.
12:20 of 3rd period - Icing by Trevor Daley.
12:21 of 3rd period - Jeff Carter wins face-off versus Logan Couture in Lightning zone.
12:26 of 3rd period - Shot by Patric Hornqvist.
12:26 of 3rd period - Deflect By Jeff Carter.
12:26 of 3rd period - Stopped by Pekka Rinne without a rebound.
12:27 of 3rd period - Jeff Carter wins face-off versus Logan Couture in Panthers zone.
12:42 of 3rd period - Shot by Jeff Carter.
12:42 of 3rd period - Goal by Jeff Carter - Lightning : 2 - Panthers : 4.
12:43 of 3rd period - Henrik Zetterberg wins face-off versus Joe Thornton in neutral zone.
12:47 of 3rd period - Off-side.
12:48 of 3rd period - Joe Thornton wins face-off versus Jeff Carter in neutral zone.
13:19 of 3rd period - Shot by Joe Thornton.
13:19 of 3rd period - Shot Misses the Net.
13:21 of 3rd period - Shot by Drew Doughty.
13:21 of 3rd period - Shot Misses the Net.
14:23 of 3rd period - Shot by Tobias Rieder.
14:23 of 3rd period - Shot Blocked by Jacob Trouba.
14:25 of 3rd period - Shot by Henrik Zetterberg.
14:25 of 3rd period - Stopped by Pekka Rinne without a rebound.
14:26 of 3rd period - Henrik Sedin wins face-off versus Logan Couture in Panthers zone.
14:43 of 3rd period - Shot by Logan Couture.
14:43 of 3rd period - Shot Misses the Net.
14:45 of 3rd period - Shot by Brooks Orpik.
14:45 of 3rd period - Stopped by Kari Lehtonen without a rebound.
14:46 of 3rd period - Joe Thornton wins face-off versus Teddy Purcell in Lightning zone.
16:00 of 3rd period - Blake Wheeler is hit by Kevin Klein and loses puck.
16:06 of 3rd period - Logan Couture is hit by Kevin Klein and loses puck.
16:11 of 3rd period - Shot by Logan Couture.
16:11 of 3rd period - Stopped by Kari Lehtonen without a rebound.
16:12 of 3rd period - Jeff Carter wins face-off versus Patrik Laine in Lightning zone.
16:31 of 3rd period - Shot by Johnny Gaudreau.
16:31 of 3rd period - Shot Blocked by Brian Campbell.
16:37 of 3rd period - Shot by Patric Hornqvist.
16:37 of 3rd period - Shot Misses the Net.
16:41 of 3rd period - Shot by Jeff Carter.
16:41 of 3rd period - Goal by Jeff Carter - Lightning : 3 - Panthers : 4.
16:42 of 3rd period - Henrik Sedin wins face-off versus Joe Thornton in neutral zone.
17:02 of 3rd period - Icing by T.J. Brodie.
17:03 of 3rd period - Joe Thornton wins face-off versus Henrik Zetterberg in Panthers zone.
17:03 of 3rd period - Joe Thornton is hit by Troy Brouwer.
17:41 of 3rd period - Shot by Tobias Rieder.
17:41 of 3rd period - Deflect By Henrik Zetterberg.
17:41 of 3rd period - Stopped by Pekka Rinne without a rebound.
17:42 of 3rd period - Jeff Carter wins face-off versus Logan Couture in Panthers zone.
17:59 of 3rd period - Shot by Blake Wheeler.
17:59 of 3rd period - Shot Blocked by Kyle Quincey.
18:01 of 3rd period - Shot by Jacob Trouba.
18:01 of 3rd period - Shot Misses the Net.
18:03 of 3rd period - Shot by Blake Wheeler.
18:03 of 3rd period - Shot Misses the Net.
18:05 of 3rd period - Shot by Blake Wheeler.
18:05 of 3rd period - Stopped by Kari Lehtonen with a rebound.
18:07 of 3rd period - Shot by Blake Wheeler.
18:07 of 3rd period - Shot Misses the Net.
18:09 of 3rd period - Shot by Jacob Trouba.
18:09 of 3rd period - Stopped by Kari Lehtonen without a rebound.
18:10 of 3rd period - Tyler Johnson wins face-off versus Patrick Eaves in Lightning zone.
18:13 of 3rd period - Shot by Patrik Laine.
18:13 of 3rd period - Shot Misses the Net.
18:16 of 3rd period - Patrik Laine is hit by Kevin Klein and loses puck.
18:23 of 3rd period - Shot by Luke Glendening.
18:23 of 3rd period - Shot Misses the Net.
18:35 of 3rd period - Shot by Patrik Laine.
18:35 of 3rd period - Stopped by Kari Lehtonen without a rebound.
18:36 of 3rd period - Henrik Zetterberg wins face-off versus Logan Couture in Lightning zone.
18:40 of 3rd period - Off-side.
18:41 of 3rd period - Logan Couture wins face-off versus Jeff Carter in neutral zone.
18:53 of 3rd period - Jeff Carter is hit by Justin Braun and loses puck.
19:00 of 3rd period - Lightning, Kari Lehtonen is pulled from the net.
19:04 of 3rd period - Shot by Johnny Gaudreau.
19:04 of 3rd period - Shot Misses the Net.
19:06 of 3rd period - Shot by Patric Hornqvist.
19:06 of 3rd period - Shot Misses the Net.
19:08 of 3rd period - Shot by Andrej Sekera.
19:08 of 3rd period - Shot Misses the Net.
19:16 of 3rd period - Shot by Jeff Carter.
19:16 of 3rd period - Shot Blocked by Justin Braun.
19:18 of 3rd period - Shot by Patric Hornqvist.
19:18 of 3rd period - Shot Misses the Net.
19:20 of 3rd period - Shot by Trevor Daley.
19:20 of 3rd period - Shot Misses the Net.
19:27 of 3rd period - Icing by Logan Couture.
19:28 of 3rd period - Logan Couture wins face-off versus Johnny Gaudreau in Panthers zone.
19:53 of 3rd period - Icing by Justin Braun.
19:54 of 3rd period - Henrik Zetterberg wins face-off versus Logan Couture in Panthers zone.
19:54 of 3rd period - Henrik Zetterberg is hit by Jacob Trouba.
19:57 of 3rd period - Minor Penalty to Justin Braun for Cross-checking.
19:58 of 3rd period - Henrik Zetterberg wins face-off versus Luke Glendening in Panthers zone.
Goals for this period are 3 for Lightning vs 1 for Panthers.
Shots for this period are 12 for Lightning vs 10 for Panthers.